[ AOE2 MATCH · #482500897 ]
UnrankedPersians vs Wei
Player's team · LOSS
[ REPLAY ANALYSIS · EXTRACTED FROM THE RECORDED GAME ]
Feudal
8:32
Castle
—
Imperial
—
| APM avg | 62.6 |
| APM peak | 106 |
| eAPM avg | 22.1 |
| Villagers / military | 44 / 9 |
Focus
⚔️ 18.3% · 🌾 81.7%
Scout Cavalry ×9
Feudal
9:32
Castle
—
Imperial
—
| APM avg | 21.3 |
| APM peak | 53 |
| eAPM avg | 11.7 |
| Villagers / military | 44 / 12 |
Focus
⚔️ 22.6% · 🌾 77.4%
Scout Cavalry ×12
Feudal
10:40
Castle
—
Imperial
—
| APM avg | 32.3 |
| APM peak | 76 |
| eAPM avg | 12.9 |
| Villagers / military | 40 / 0 |
Focus
⚔️ 26.6% · 🌾 73.4%
Unknown (2550) ×16
Feudal
9:38
Castle
—
Imperial
—
| APM avg | 67.4 |
| APM peak | 123 |
| eAPM avg | 33.1 |
| Villagers / military | 38 / 25 |
Focus
⚔️ 46.1% · 🌾 53.9%
Archer ×24 · Skirmisher ×1
Feudal
8:37
Castle
—
Imperial
—
| APM avg | 45.6 |
| APM peak | 74 |
| eAPM avg | 16.1 |
| Villagers / military | 54 / 36 |
Focus
⚔️ 30.9% · 🌾 69.1%
Archer ×35 · Spearman ×1
Feudal
9:41
Castle
—
Imperial
—
| APM avg | 38.5 |
| APM peak | 97 |
| eAPM avg | 16.4 |
| Villagers / military | 60 / 30 |
Focus
⚔️ 23.2% · 🌾 76.8%
Archer ×30
Feudal
8:53
Castle
—
Imperial
—
| APM avg | 75.1 |
| APM peak | 169 |
| eAPM avg | 19.2 |
| Villagers / military | 45 / 31 |
Focus
⚔️ 24.5% · 🌾 75.5%
Archer ×31
Feudal
9:00
Castle
—
Imperial
—
| APM avg | 29.4 |
| APM peak | 51 |
| eAPM avg | 14.4 |
| Villagers / military | 49 / 22 |
Focus
⚔️ 31.0% · 🌾 69.0%
Scout Cavalry ×22
Match map
Initial resources + every placement click. Lines = walls · curves = elevation contours. ◆ gold · ⬟ stone · ● berries · ✦ relic · ◌ wall gap
Your base· Open — unwalled flank
XDavid's base· ✓ Closed at 12:00 · 75t walls · 1 gate(s)
두도스's base· Open — unwalled flank
AiM | CyclopsTron's base· ✓ Closed at 19:32 · 45t walls · 1 gate(s)
SICKOISM SICKOISM's base· Open — unwalled flank
AiM | PoRRo's base· Open — unwalled flank
luanb10's base· Open — unwalled flank
AiM | Agua Cate 98's base· Open — unwalled flank
Smoothed initial terrain · ◌ = detected wall gap · hover for details
Inputs per minute
— AiM | Fubuki's Best Friend - - XDavid
Build order — AiM | Fubuki's Best Friend
119 actions detected in the replay
| 0:02 | Create | Villager (Male) |
| 0:02 | Create | Villager (Male) |
| 0:02 | Create | Villager (Male) |
| 0:02 | Create | Villager (Male) |
| 0:02 | Create | Villager (Male) |
| 0:04 | Build | House |
| 0:05 | Build | House |
| 1:26 | Create | Villager (Male) |
| 1:43 | Build | Lumber Camp |
| 1:49 | Create | Villager (Male) |
| 2:26 | Create | Villager (Male) |
| 2:45 | Create | Villager (Male) |
| 3:03 | Create | Villager (Male) |
| 3:18 | Build | House |
| 3:19 | Build | House |
| 3:39 | Create | Villager (Male) |
| 3:39 | Create | Villager (Male) |
| 4:03 | Build | Mill |
| 4:13 | Create | Villager (Male) |
| 4:44 | Create | Villager (Male) |
| 4:44 | Create | Villager (Male) |
| 4:45 | Create | Villager (Male) |
| 5:54 | Research | Loom |
| 6:28 | Research | Feudal Age |
| 6:28 | Research | Feudal Age |
| 7:04 | Build | Barracks |
| 8:05 | Build | House |
| 8:09 | Create | Villager (Male) |
| 8:32 | Age | Feudal Age |
| 8:35 | Build | Stable |
| 8:49 | Create | Villager (Male) |
| 8:56 | Research | Double-Bit Axe |
| 8:57 | Research | Horse Collar |
| 9:22 | Create | Scout Cavalry |
| 9:22 | Create | Scout Cavalry |
| 9:30 | Build | Mill |
| 9:37 | Build | Palisade Wall |
| 9:39 | Build | House |
| 9:45 | Create | Villager (Male) |
| 10:00 | Create | Villager (Male) |
| 10:03 | Build | Farm |
| 10:10 | Build | Palisade Wall |
| 10:21 | Create | Villager (Male) |
| 10:22 | Create | Scout Cavalry |
| 10:37 | Build | Farm |
| 10:39 | Build | Farm |
| 10:51 | Build | House |
| 10:59 | Create | Villager (Male) |
| 11:11 | Create | Villager (Male) |
| 11:17 | Create | Scout Cavalry |
| 11:25 | Build | House |
| 11:34 | Build | Farm |
| 11:52 | Create | Villager (Male) |
| 11:57 | Build | Blacksmith |
| 12:01 | Create | Villager (Male) |
| 12:14 | Create | Villager (Male) |
| 12:18 | Build | Farm |
| 12:21 | Create | Scout Cavalry |
| 12:25 | Build | House |
| 12:34 | Build | Lumber Camp |
| 12:47 | Build | Farm |
| 12:55 | Create | Villager (Male) |
| 13:11 | Create | Scout Cavalry |
| 13:13 | Build | House |
| 13:36 | Create | Scout Cavalry |
| 13:42 | Build | Farm |
| 13:44 | Build | Farm |
| 13:55 | Create | Villager (Male) |
| 13:55 | Create | Villager (Male) |
| 13:59 | Build | Palisade Wall |
| 14:14 | Create | Villager (Male) |
| 14:24 | Build | House |
| 14:30 | Create | Villager (Male) |
| 14:49 | Create | Villager (Male) |
| 14:50 | Create | Scout Cavalry |
| 15:23 | Build | House |
| 15:25 | Build | Palisade Wall |
| 15:45 | Create | Scout Cavalry |
| 15:45 | Create | Villager (Male) |
| 15:46 | Create | Villager (Male) |
| 15:46 | Create | Villager (Male) |
| 15:47 | Create | Villager (Male) |
| 16:06 | Build | House |
| 16:13 | Build | Farm |
| 16:13 | Build | Farm |
| 16:13 | Build | Farm |
| 16:14 | Build | Farm |
| 16:14 | Build | Farm |
| 16:14 | Build | Farm |
| 16:15 | Build | Farm |
| 16:15 | Build | Farm |
| 16:15 | Build | Farm |
| 16:27 | Build | Farm |
| 16:29 | Build | House |
| 16:46 | Build | House |
| 17:22 | Build | Palisade Gate |
| 17:27 | Build | Palisade Wall |
| 17:34 | Build | House |
| 17:36 | Build | Market |
| 17:37 | Create | Villager (Male) |
| 17:39 | Build | House |
| 17:41 | Build | House |
| 17:45 | Research | Wheelbarrow |
| 17:48 | Create | Villager (Male) |
| 17:49 | Create | Villager (Male) |
| 18:13 | Build | Mining Camp |
| 18:19 | Build | Stable |
| 18:27 | Research | Scale Barding Armor |
| 18:30 | Research | Forging |
| 18:39 | Create | Villager (Male) |
| 18:59 | Build | Farm |
| 19:02 | Build | Farm |
| 19:17 | Build | House |
| 19:20 | Build | House |
| 19:23 | Create | Villager (Male) |
| 19:24 | Create | Villager (Male) |
| 19:24 | Create | Villager (Male) |
| 19:26 | Create | Villager (Male) |
| 19:29 | Research | Wheelbarrow |
Build order — XDavid
112 actions detected in the replay
| 0:01 | Create | Villager (Male) |
| 0:01 | Create | Villager (Male) |
| 0:01 | Create | Villager (Male) |
| 0:01 | Create | Villager (Male) |
| 0:02 | Create | Villager (Male) |
| 0:02 | Create | Villager (Male) |
| 0:03 | Build | House |
| 0:04 | Build | House |
| 0:05 | Build | House |
| 1:38 | Create | Villager (Male) |
| 1:38 | Create | Villager (Male) |
| 1:53 | Build | Lumber Camp |
| 2:13 | Create | Villager (Male) |
| 2:14 | Create | Villager (Male) |
| 2:14 | Create | Villager (Male) |
| 2:37 | Create | Villager (Male) |
| 2:37 | Create | Villager (Male) |
| 3:21 | Create | Villager (Male) |
| 3:42 | Create | Villager (Male) |
| 3:42 | Create | Villager (Male) |
| 3:58 | Create | Villager (Male) |
| 3:58 | Create | Villager (Male) |
| 4:22 | Build | Mill |
| 4:26 | Build | Mill |
| 4:37 | Create | Villager (Male) |
| 4:49 | Create | Villager (Male) |
| 5:24 | Create | Villager (Male) |
| 5:24 | Create | Villager (Male) |
| 5:29 | Build | House |
| 6:24 | Create | Villager (Male) |
| 6:41 | Build | Palisade Wall |
| 6:52 | Build | Palisade Wall |
| 6:54 | Create | Villager (Male) |
| 7:22 | Research | Feudal Age |
| 7:41 | Research | Loom |
| 7:55 | Build | Palisade Wall |
| 8:12 | Build | Palisade Wall |
| 8:39 | Build | Barracks |
| 8:48 | Build | Palisade Wall |
| 9:12 | Build | Palisade Gate |
| 9:32 | Age | Feudal Age |
| 9:39 | Build | House |
| 9:43 | Build | Palisade Wall |
| 10:03 | Create | Villager (Male) |
| 10:12 | Build | Lumber Camp |
| 10:13 | Create | Villager (Male) |
| 10:37 | Research | Double-Bit Axe |
| 10:46 | Build | Palisade Wall |
| 10:50 | Build | Palisade Wall |
| 10:53 | Create | Villager (Male) |
| 11:15 | Create | Villager (Male) |
| 11:28 | Create | Villager (Male) |
| 11:41 | Create | Villager (Male) |
| 11:48 | Build | Stable |
| 12:11 | Build | Farm |
| 12:25 | Create | Scout Cavalry |
| 12:25 | Create | Scout Cavalry |
| 12:31 | Create | Villager (Male) |
| 12:33 | Build | Farm |
| 12:37 | Build | Farm |
| 12:47 | Create | Villager (Male) |
| 12:52 | Build | Farm |
| 12:58 | Create | Scout Cavalry |
| 13:02 | Build | House |
| 13:03 | Build | House |
| 13:26 | Build | House |
| 13:27 | Build | House |
| 13:31 | Create | Villager (Male) |
| 13:34 | Build | Farm |
| 13:44 | Create | Villager (Male) |
| 13:55 | Build | Stable |
| 14:00 | Create | Scout Cavalry |
| 14:12 | Create | Villager (Male) |
| 14:16 | Create | Villager (Male) |
| 14:22 | Build | House |
| 14:23 | Build | House |
| 14:28 | Build | Farm |
| 14:28 | Build | Farm |
| 14:29 | Build | Farm |
| 14:29 | Build | Farm |
| 14:30 | Build | Farm |
| 14:32 | Create | Villager (Male) |
| 14:37 | Create | Scout Cavalry |
| 14:38 | Create | Scout Cavalry |
| 14:58 | Create | Villager (Male) |
| 15:05 | Create | Scout Cavalry |
| 15:07 | Create | Villager (Male) |
| 15:10 | Build | Farm |
| 15:10 | Build | Farm |
| 15:11 | Build | Farm |
| 15:12 | Build | Farm |
| 15:15 | Create | Villager (Male) |
| 15:24 | Create | Villager (Male) |
| 15:34 | Build | Mining Camp |
| 15:50 | Create | Villager (Male) |
| 16:31 | Build | Palisade Wall |
| 16:38 | Build | House |
| 16:43 | Create | Villager (Male) |
| 16:52 | Build | House |
| 16:54 | Build | House |
| 16:55 | Build | House |
| 17:03 | Build | House |
| 17:20 | Create | Scout Cavalry |
| 17:21 | Create | Scout Cavalry |
| 17:24 | Build | Lumber Camp |
| 17:31 | Build | Watch Tower |
| 17:38 | Create | Scout Cavalry |
| 17:39 | Create | Scout Cavalry |
| 17:44 | Build | Farm |
| 17:44 | Build | Farm |
| 17:55 | Create | Scout Cavalry |
| 18:21 | Create | Villager (Male) |
Build order — 두도스
80 actions detected in the replay
| 0:01 | Create | Villager (Male) ×4 |
| 0:02 | Create | Villager (Male) ×4 |
| 0:02 | Build | House |
| 0:04 | Build | House |
| 1:37 | Create | Villager (Male) |
| 1:37 | Create | Villager (Male) |
| 1:55 | Build | Settlement |
| 2:10 | Create | Villager (Male) |
| 2:10 | Create | Villager (Male) |
| 2:16 | Create | Villager (Male) |
| 2:16 | Create | Villager (Male) |
| 2:32 | Create | Villager (Male) |
| 2:32 | Create | Villager (Male) |
| 3:24 | Create | Villager (Male) ×2 |
| 3:24 | Create | Villager (Male) ×2 |
| 3:44 | Create | Villager (Male) |
| 3:44 | Create | Villager (Male) |
| 4:22 | Create | Villager (Male) |
| 4:22 | Create | Villager (Male) |
| 4:47 | Build | Settlement |
| 4:53 | Build | Settlement |
| 4:56 | Create | Villager (Male) |
| 5:25 | Create | Villager (Male) |
| 5:52 | Create | Villager (Male) |
| 6:02 | Create | Villager (Male) |
| 6:30 | Create | Villager (Male) |
| 6:36 | Build | Barracks |
| 7:09 | Create | Villager (Male) |
| 7:32 | Build | Settlement |
| 7:40 | Create | Villager (Male) |
| 7:42 | Research | Loom |
| 7:42 | Research | Loom |
| 8:29 | Research | Feudal Age |
| 8:29 | Research | Feudal Age |
| 8:55 | Create | Unit 2550 |
| 8:59 | Create | Unit 2550 |
| 8:59 | Create | Unit 2550 |
| 9:14 | Build | Outpost |
| 9:55 | Create | Unit 2550 |
| 10:36 | Create | Villager (Male) |
| 10:40 | Age | Feudal Age |
| 10:45 | Research | Tech 1402 |
| 10:45 | Research | Tech 1402 |
| 10:48 | Build | Blacksmith |
| 10:50 | Research | Double-Bit Axe |
| 10:51 | Research | Double-Bit Axe |
| 11:08 | Create | Unit 2550 |
| 11:10 | Create | Villager (Male) |
| 11:16 | Build | Palisade Wall |
| 11:30 | Create | Unit 2550 |
| 11:31 | Create | Villager (Male) |
| 11:35 | Research | Scale Mail Armor |
| 11:36 | Research | Scale Mail Armor |
| 11:43 | Research | Horse Collar |
| 12:10 | Create | Unit 2550 |
| 12:21 | Build | Barracks |
| 12:22 | Create | Villager (Male) |
| 12:42 | Build | Farm |
| 12:48 | Build | Palisade Wall |
| 12:54 | Build | Palisade Wall |
| 12:59 | Create | Unit 2550 |
| 13:00 | Create | Villager (Male) |
| 13:20 | Create | Unit 2550 |
| 13:26 | Create | Villager (Male) |
| 13:27 | Create | Unit 2550 |
| 13:43 | Create | Villager (Male) |
| 13:46 | Build | House |
| 14:04 | Create | Unit 2550 |
| 14:05 | Create | Villager (Male) |
| 14:08 | Build | Farm |
| 14:08 | Build | Farm |
| 14:12 | Build | Farm |
| 14:19 | Create | Unit 2550 |
| 14:26 | Build | Farm |
| 14:28 | Build | Farm |
| 15:01 | Create | Unit 2550 |
| 15:02 | Create | Unit 2550 |
| 15:22 | Create | Villager (Male) |
| 15:36 | Create | Unit 2550 |
| 15:36 | Create | Unit 2550 |
Build order — AiM | CyclopsTron
116 actions detected in the replay
| 0:01 | Research | Loom |
| 0:01 | Create | Villager (Male) |
| 0:01 | Create | Villager (Male) |
| 0:02 | Build | House |
| 0:03 | Build | House |
| 0:42 | Create | Villager (Male) |
| 1:25 | Build | House |
| 1:35 | Create | Villager (Male) |
| 1:52 | Create | Villager (Male) |
| 2:12 | Build | Lumber Camp |
| 2:23 | Create | Villager (Male) |
| 2:45 | Create | Villager (Male) |
| 3:02 | Create | Villager (Male) |
| 3:17 | Create | Villager (Male) |
| 3:35 | Create | Villager (Male) |
| 3:59 | Create | Villager (Male) |
| 4:18 | Build | House |
| 4:28 | Create | Villager (Male) |
| 5:06 | Create | Villager (Male) |
| 5:20 | Build | Mill |
| 5:32 | Create | Villager (Male) |
| 6:09 | Create | Villager (Male) |
| 6:12 | Build | Mining Camp |
| 6:41 | Create | Villager (Male) |
| 7:28 | Research | Feudal Age |
| 8:11 | Create | Villager (Male) |
| 8:17 | Build | Barracks |
| 8:18 | Build | House |
| 9:21 | Build | House |
| 9:38 | Age | Feudal Age |
| 9:41 | Build | Mill |
| 9:44 | Build | Archery Range |
| 9:45 | Create | Villager (Male) |
| 9:50 | Build | House |
| 9:57 | Build | Archery Range |
| 10:13 | Create | Villager (Male) |
| 10:32 | Build | Palisade Wall |
| 10:39 | Create | Villager (Male) |
| 10:46 | Build | Palisade Gate |
| 10:51 | Build | Blacksmith |
| 10:52 | Create | Archer |
| 10:53 | Create | Archer |
| 11:03 | Create | Villager (Male) |
| 11:10 | Build | House |
| 11:12 | Create | Archer |
| 11:13 | Create | Archer |
| 11:27 | Research | Double-Bit Axe |
| 11:31 | Build | Palisade Wall |
| 11:33 | Create | Villager (Male) |
| 11:44 | Research | Fletching |
| 11:44 | Research | Fletching |
| 11:51 | Build | Palisade Wall |
| 12:00 | Create | Villager (Male) |
| 12:07 | Create | Archer |
| 12:14 | Build | Palisade Wall |
| 12:18 | Create | Archer |
| 12:22 | Build | Mill |
| 12:29 | Create | Villager (Male) |
| 12:34 | Build | Palisade Wall |
| 12:40 | Build | Palisade Wall |
| 12:47 | Create | Archer |
| 12:47 | Create | Archer |
| 13:07 | Create | Villager (Male) |
| 13:11 | Build | House |
| 13:14 | Create | Archer |
| 13:27 | Build | House |
| 13:37 | Create | Archer |
| 13:46 | Create | Archer |
| 13:51 | Create | Archer |
| 13:56 | Create | Villager (Male) |
| 13:59 | Build | House |
| 14:24 | Build | Farm |
| 14:25 | Build | Farm |
| 14:33 | Create | Villager (Male) |
| 14:34 | Create | Archer |
| 14:34 | Create | Archer |
| 14:43 | Build | House |
| 14:45 | Create | Villager (Male) |
| 14:49 | Build | Farm |
| 15:06 | Create | Archer |
| 15:09 | Create | Archer |
| 15:19 | Create | Villager (Male) |
| 15:37 | Create | Villager (Male) |
| 15:38 | Create | Archer |
| 15:38 | Create | Archer |
| 15:48 | Build | Market |
| 15:49 | Create | Villager (Male) |
| 16:03 | Create | Villager (Male) |
| 16:05 | Create | Archer |
| 16:05 | Create | Skirmisher |
| 16:09 | Build | Farm |
| 16:19 | Create | Archer |
| 16:33 | Create | Archer |
| 16:33 | Create | Villager (Male) |
| 16:35 | Build | Farm |
| 16:54 | Build | Farm |
| 16:55 | Create | Villager (Male) |
| 17:06 | Build | Farm |
| 17:12 | Create | Archer |
| 17:13 | Research | Padded Archer Armor |
| 17:15 | Build | House |
| 17:16 | Build | House |
| 17:46 | Research | Town Watch |
| 17:50 | Build | House |
| 17:51 | Create | Villager (Male) |
| 17:55 | Build | Farm |
| 18:17 | Create | Villager (Male) |
| 18:20 | Build | Farm |
| 18:37 | Build | Farm |
| 18:38 | Build | Farm |
| 18:45 | Create | Archer |
| 18:49 | Create | Villager (Male) |
| 19:09 | Create | Villager (Male) |
| 19:20 | Build | Lumber Camp |
| 19:32 | Research | Castle Age |
| 19:41 | Create | Archer |
Build order — SICKOISM SICKOISM
140 actions detected in the replay
| 0:01 | Create | Villager (Male) |
| 0:01 | Create | Villager (Male) |
| 0:01 | Create | Villager (Male) |
| 0:02 | Create | Villager (Male) |
| 0:03 | Build | House |
| 0:04 | Build | House |
| 0:08 | Create | Villager (Male) |
| 1:22 | Create | Villager (Male) |
| 1:22 | Create | Villager (Male) |
| 2:03 | Create | Villager (Male) |
| 2:03 | Create | Villager (Male) |
| 2:12 | Create | Villager (Male) |
| 2:13 | Create | Villager (Male) |
| 2:36 | Create | Villager (Male) |
| 2:36 | Create | Villager (Male) |
| 2:56 | Create | Villager (Male) |
| 2:56 | Create | Villager (Male) |
| 3:24 | Create | Villager (Male) |
| 3:24 | Create | Villager (Male) |
| 3:28 | Build | Mill |
| 3:43 | Build | House |
| 3:56 | Create | Villager (Male) |
| 3:56 | Create | Villager (Male) |
| 3:56 | Create | Villager (Male) |
| 5:00 | Create | Villager (Male) |
| 5:01 | Create | Villager (Male) |
| 5:01 | Create | Villager (Male) |
| 5:01 | Create | Villager (Male) |
| 5:01 | Create | Villager (Male) |
| 5:02 | Create | Villager (Male) |
| 5:03 | Create | Villager (Male) |
| 5:12 | Build | Lumber Camp |
| 5:40 | Research | Loom |
| 5:42 | Create | Villager (Male) |
| 6:34 | Research | Feudal Age |
| 6:34 | Research | Feudal Age |
| 7:03 | Build | House |
| 7:34 | Build | Mining Camp |
| 8:23 | Build | Barracks |
| 8:37 | Age | Feudal Age |
| 8:44 | Research | Double-Bit Axe |
| 8:45 | Create | Villager (Male) |
| 9:12 | Create | Spearman |
| 9:13 | Create | Villager (Male) |
| 9:23 | Create | Villager (Male) |
| 9:28 | Build | Archery Range |
| 10:04 | Create | Villager (Male) |
| 10:04 | Create | Villager (Male) |
| 10:08 | Build | House |
| 10:35 | Build | Archery Range |
| 10:42 | Create | Archer |
| 10:43 | Create | Archer |
| 10:43 | Create | Archer |
| 10:43 | Create | Archer |
| 10:49 | Create | Villager (Male) |
| 10:49 | Create | Villager (Male) |
| 10:49 | Create | Villager (Male) |
| 10:51 | Create | Villager (Male) |
| 10:59 | Create | Archer |
| 11:19 | Create | Archer |
| 11:33 | Build | Palisade Wall |
| 11:41 | Create | Villager (Male) |
| 11:41 | Create | Villager (Male) |
| 11:51 | Build | House |
| 11:54 | Create | Villager (Male) |
| 11:54 | Create | Villager (Male) |
| 11:57 | Build | Mill |
| 12:08 | Build | Palisade Wall |
| 12:13 | Build | Palisade Wall |
| 12:20 | Build | Palisade Wall |
| 12:22 | Build | Palisade Wall |
| 12:25 | Create | Archer |
| 12:37 | Create | Archer |
| 12:44 | Create | Archer |
| 13:01 | Create | Villager (Male) |
| 13:08 | Build | House |
| 13:14 | Build | House |
| 13:23 | Build | Blacksmith |
| 13:46 | Create | Villager (Male) |
| 13:47 | Create | Villager (Male) |
| 13:51 | Build | Palisade Wall |
| 14:16 | Build | Farm |
| 14:17 | Build | Farm |
| 14:38 | Build | House |
| 14:44 | Build | Farm |
| 14:47 | Build | Farm |
| 14:50 | Build | Farm |
| 15:02 | Create | Archer |
| 15:03 | Create | Archer |
| 15:03 | Create | Archer |
| 15:04 | Create | Archer |
| 15:04 | Create | Archer |
| 15:04 | Create | Archer |
| 15:23 | Build | Farm |
| 15:23 | Create | Villager (Male) |
| 15:24 | Create | Villager (Male) |
| 15:28 | Build | House |
| 15:34 | Create | Archer |
| 15:38 | Create | Archer |
| 15:45 | Build | Farm |
| 16:03 | Build | Farm |
| 16:07 | Build | Farm |
| 16:10 | Research | Fletching |
| 16:10 | Research | Fletching |
| 16:11 | Create | Archer |
| 16:12 | Create | Archer |
| 16:17 | Build | House |
| 16:30 | Create | Villager (Male) |
| 16:34 | Build | House |
| 16:44 | Create | Villager (Male) |
| 16:45 | Create | Villager (Male) |
| 16:50 | Build | Farm |
| 17:12 | Build | House |
| 17:13 | Create | Villager (Male) |
| 17:14 | Create | Villager (Male) |
| 17:14 | Create | Villager (Male) |
| 17:16 | Create | Archer |
| 17:17 | Create | Archer |
| 17:17 | Create | Archer |
| 17:18 | Create | Archer |
| 17:18 | Create | Archer |
| 17:22 | Create | Archer |
| 17:22 | Create | Archer |
| 17:23 | Create | Archer |
| 17:23 | Create | Archer |
| 17:23 | Create | Archer |
| 17:32 | Build | House |
| 17:53 | Create | Villager (Male) |
| 17:57 | Build | Farm |
| 18:06 | Build | Palisade Wall |
| 18:07 | Create | Archer |
| 18:08 | Create | Archer |
| 18:08 | Create | Archer |
| 18:08 | Create | Archer |
| 18:09 | Create | Villager (Male) |
| 18:24 | Research | Padded Archer Armor |
| 18:24 | Research | Padded Archer Armor |
| 18:32 | Build | Palisade Gate |
| 18:35 | Create | Archer |
| 18:36 | Create | Archer |
Build order — AiM | PoRRo
134 actions detected in the replay
| 0:01 | Create | Villager (Male) |
| 0:01 | Create | Villager (Male) |
| 0:01 | Create | Villager (Male) |
| 0:03 | Build | House |
| 0:04 | Build | House |
| 0:22 | Create | Villager (Male) |
| 0:22 | Create | Villager (Male) |
| 0:22 | Create | Villager (Male) |
| 0:22 | Create | Villager (Male) |
| 0:23 | Create | Villager (Male) |
| 0:23 | Create | Villager (Male) |
| 1:24 | Create | Villager (Male) |
| 1:24 | Create | Villager (Male) |
| 1:24 | Create | Villager (Male) |
| 1:24 | Create | Villager (Male) |
| 1:51 | Create | Villager (Male) |
| 1:51 | Create | Villager (Male) |
| 1:51 | Create | Villager (Male) |
| 2:16 | Build | Lumber Camp |
| 2:23 | Create | Villager (Male) |
| 2:23 | Create | Villager (Male) |
| 2:23 | Create | Villager (Male) |
| 2:23 | Create | Villager (Male) |
| 2:30 | Create | Villager (Male) |
| 2:30 | Create | Villager (Male) |
| 2:30 | Create | Villager (Male) |
| 2:30 | Create | Villager (Male) |
| 3:00 | Create | Villager (Male) |
| 3:00 | Create | Villager (Male) |
| 3:17 | Build | House |
| 3:32 | Create | Villager (Male) |
| 3:32 | Create | Villager (Male) |
| 3:32 | Create | Villager (Male) |
| 3:33 | Create | Villager (Male) |
| 3:57 | Create | Villager (Male) |
| 3:57 | Create | Villager (Male) |
| 3:57 | Create | Villager (Male) |
| 4:30 | Create | Villager (Male) |
| 4:30 | Create | Villager (Male) |
| 4:30 | Create | Villager (Male) |
| 4:42 | Create | Villager (Male) |
| 4:46 | Build | Mill |
| 5:11 | Create | Villager (Male) |
| 5:11 | Create | Villager (Male) |
| 5:11 | Create | Villager (Male) |
| 5:11 | Create | Villager (Male) |
| 5:31 | Create | Villager (Male) |
| 5:51 | Build | House |
| 6:09 | Create | Villager (Male) |
| 6:12 | Build | House |
| 6:25 | Create | Villager (Male) |
| 6:25 | Create | Villager (Male) |
| 6:51 | Research | Loom |
| 7:24 | Research | Feudal Age |
| 7:50 | Build | Mining Camp |
| 8:45 | Build | Barracks |
| 9:28 | Create | Villager (Male) |
| 9:28 | Create | Villager (Male) |
| 9:41 | Age | Feudal Age |
| 9:48 | Create | Villager (Male) |
| 9:52 | Build | Archery Range |
| 10:22 | Create | Villager (Male) |
| 10:28 | Build | Archery Range |
| 10:32 | Build | Palisade Wall |
| 10:44 | Build | Blacksmith |
| 10:46 | Create | Archer |
| 11:02 | Build | House |
| 11:15 | Create | Archer |
| 11:28 | Create | Archer |
| 11:31 | Research | Fletching |
| 11:33 | Create | Archer |
| 11:35 | Create | Archer |
| 11:41 | Create | Villager (Male) |
| 11:43 | Create | Archer |
| 11:50 | Build | House |
| 12:01 | Create | Archer |
| 12:01 | Create | Archer |
| 12:10 | Create | Archer |
| 12:22 | Create | Villager (Male) |
| 12:31 | Build | Mill |
| 12:35 | Create | Villager (Male) |
| 12:39 | Create | Archer |
| 12:46 | Build | House |
| 12:48 | Build | House |
| 13:00 | Create | Villager (Male) |
| 13:00 | Create | Villager (Male) |
| 13:03 | Create | Archer |
| 13:03 | Create | Archer |
| 13:03 | Create | Archer |
| 13:03 | Create | Archer |
| 13:08 | Create | Villager (Male) |
| 13:37 | Create | Archer |
| 13:43 | Create | Villager (Male) |
| 13:48 | Build | House |
| 13:55 | Build | Farm |
| 13:56 | Build | Farm |
| 14:02 | Build | Farm |
| 14:08 | Create | Archer |
| 14:08 | Create | Archer |
| 14:35 | Create | Villager (Male) |
| 14:37 | Build | Farm |
| 14:58 | Build | House |
| 15:01 | Build | Farm |
| 15:04 | Create | Archer |
| 15:04 | Create | Archer |
| 15:16 | Create | Villager (Male) |
| 15:19 | Build | Farm |
| 15:23 | Create | Archer |
| 15:23 | Create | Archer |
| 15:23 | Create | Archer |
| 15:43 | Research | Double-Bit Axe |
| 15:59 | Build | Farm |
| 16:01 | Create | Archer |
| 16:01 | Create | Archer |
| 16:05 | Build | House |
| 16:16 | Build | Farm |
| 16:28 | Build | Farm |
| 16:50 | Build | Watch Tower |
| 16:52 | Create | Archer |
| 17:07 | Create | Archer |
| 17:11 | Build | House |
| 17:39 | Create | Villager (Male) |
| 17:43 | Create | Archer |
| 17:43 | Create | Archer |
| 17:50 | Build | House |
| 18:17 | Create | Archer |
| 18:17 | Create | Archer |
| 18:29 | Research | Padded Archer Armor |
| 18:53 | Build | Farm |
| 19:19 | Create | Villager (Male) |
| 19:27 | Build | Farm |
| 19:29 | Build | Farm |
| 19:37 | Build | House |
| 19:40 | Build | Palisade Wall |
Build order — luanb10
129 actions detected in the replay
| 0:01 | Create | Villager (Male) |
| 0:01 | Create | Villager (Male) |
| 0:01 | Create | Villager (Male) |
| 0:02 | Build | House |
| 0:03 | Build | House |
| 0:28 | Create | Villager (Male) |
| 0:28 | Create | Villager (Male) |
| 1:24 | Create | Villager (Male) |
| 1:24 | Create | Villager (Male) |
| 1:46 | Build | Lumber Camp |
| 1:49 | Create | Villager (Male) |
| 2:09 | Create | Villager (Male) |
| 2:10 | Create | Villager (Male) |
| 2:42 | Create | Villager (Male) |
| 2:42 | Create | Villager (Male) |
| 2:42 | Create | Villager (Male) |
| 3:06 | Create | Villager (Male) |
| 3:06 | Create | Villager (Male) |
| 3:06 | Create | Villager (Male) |
| 3:13 | Create | Villager (Male) |
| 4:06 | Build | House |
| 4:38 | Create | Villager (Male) |
| 4:38 | Create | Villager (Male) |
| 5:17 | Create | Villager (Male) |
| 5:17 | Create | Villager (Male) |
| 5:41 | Research | Loom |
| 5:53 | Build | Mining Camp |
| 6:42 | Research | Feudal Age |
| 6:42 | Research | Feudal Age |
| 6:43 | Research | Feudal Age |
| 7:22 | Create | Villager (Male) |
| 7:22 | Create | Villager (Male) |
| 7:52 | Build | Barracks |
| 8:53 | Age | Feudal Age |
| 8:56 | Build | Archery Range |
| 9:02 | Create | Villager (Male) |
| 9:07 | Build | House |
| 9:10 | Create | Villager (Male) |
| 9:22 | Build | Archery Range |
| 9:23 | Create | Villager (Male) |
| 9:47 | Create | Archer |
| 9:55 | Build | Palisade Wall |
| 10:17 | Create | Archer |
| 10:17 | Create | Archer |
| 10:27 | Build | House |
| 10:33 | Create | Archer |
| 10:43 | Build | Blacksmith |
| 10:45 | Create | Villager (Male) |
| 10:56 | Build | House |
| 11:10 | Create | Archer |
| 11:10 | Create | Archer |
| 11:14 | Build | Palisade Wall |
| 11:15 | Build | Palisade Wall |
| 11:40 | Create | Villager (Male) |
| 11:40 | Create | Villager (Male) |
| 11:44 | Build | House |
| 11:46 | Build | Palisade Wall |
| 12:22 | Build | Mill |
| 12:28 | Create | Archer |
| 12:28 | Create | Archer |
| 12:28 | Create | Archer |
| 12:28 | Create | Archer |
| 12:29 | Create | Archer |
| 12:34 | Build | Palisade Wall |
| 12:36 | Build | Palisade Wall |
| 12:49 | Create | Villager (Male) |
| 12:49 | Create | Villager (Male) |
| 13:03 | Build | Farm |
| 13:14 | Build | Palisade Wall |
| 13:37 | Build | House |
| 13:48 | Build | Palisade Wall |
| 13:50 | Build | Watch Tower |
| 13:58 | Create | Archer |
| 13:59 | Create | Archer |
| 13:59 | Create | Archer |
| 14:00 | Create | Villager (Male) |
| 14:00 | Create | Villager (Male) |
| 14:13 | Build | Palisade Wall |
| 14:21 | Build | Farm |
| 14:54 | Build | Farm |
| 14:54 | Build | Farm |
| 14:56 | Create | Archer |
| 14:56 | Create | Archer |
| 14:57 | Create | Archer |
| 15:13 | Build | House |
| 15:17 | Create | Archer |
| 15:17 | Create | Archer |
| 15:43 | Create | Villager (Male) |
| 15:43 | Create | Villager (Male) |
| 15:46 | Build | Farm |
| 16:07 | Create | Villager (Male) |
| 16:08 | Create | Villager (Male) |
| 16:15 | Build | Farm |
| 16:43 | Create | Villager (Male) |
| 16:43 | Create | Villager (Male) |
| 16:45 | Build | Farm |
| 16:46 | Build | Farm |
| 16:47 | Build | Farm |
| 16:56 | Create | Archer |
| 16:56 | Create | Archer |
| 16:56 | Create | Archer |
| 16:57 | Create | Archer |
| 17:00 | Create | Villager (Male) |
| 17:01 | Create | Villager (Male) |
| 17:28 | Create | Archer |
| 17:29 | Create | Villager (Male) |
| 17:30 | Build | House |
| 17:31 | Build | House |
| 17:32 | Build | House |
| 18:33 | Research | Fletching |
| 18:33 | Research | Fletching |
| 18:43 | Create | Archer |
| 18:43 | Create | Archer |
| 18:43 | Create | Archer |
| 18:43 | Create | Archer |
| 18:58 | Create | Villager (Male) |
| 18:58 | Create | Villager (Male) |
| 18:58 | Create | Villager (Male) |
| 19:01 | Build | Farm |
| 19:02 | Build | Farm |
| 19:02 | Build | Farm |
| 19:36 | Create | Archer |
| 19:36 | Create | Archer |
| 19:37 | Create | Archer |
| 19:38 | Research | Padded Archer Armor |
| 19:38 | Research | Padded Archer Armor |
| 19:42 | Build | House |
| 19:45 | Build | Farm |
| 19:47 | Build | Farm |
Build order — AiM | Agua Cate 98
126 actions detected in the replay
| 0:01 | Create | Villager (Male) |
| 0:01 | Create | Villager (Male) |
| 0:01 | Create | Villager (Male) |
| 0:02 | Create | Villager (Male) |
| 0:03 | Build | House |
| 0:04 | Build | House |
| 1:37 | Create | Villager (Male) |
| 1:38 | Create | Villager (Male) |
| 1:38 | Create | Villager (Male) |
| 1:58 | Create | Villager (Male) |
| 1:58 | Create | Villager (Male) |
| 1:58 | Create | Villager (Male) |
| 2:10 | Create | Villager (Male) |
| 2:28 | Build | Lumber Camp |
| 2:40 | Create | Villager (Male) |
| 2:40 | Create | Villager (Male) |
| 2:40 | Create | Villager (Male) |
| 3:03 | Create | Villager (Male) |
| 3:04 | Create | Villager (Male) |
| 3:04 | Create | Villager (Male) |
| 3:21 | Create | Villager (Male) |
| 3:21 | Create | Villager (Male) |
| 3:25 | Build | House |
| 3:57 | Create | Villager (Male) |
| 4:29 | Create | Villager (Male) |
| 4:39 | Create | Villager (Male) |
| 4:40 | Create | Villager (Male) |
| 5:06 | Build | Mill |
| 5:50 | Create | Villager (Male) |
| 6:05 | Build | House |
| 6:07 | Research | Loom |
| 6:50 | Research | Feudal Age |
| 6:51 | Research | Feudal Age |
| 6:51 | Research | Feudal Age |
| 7:18 | Build | Barracks |
| 7:49 | Create | Villager (Male) |
| 7:49 | Create | Villager (Male) |
| 9:00 | Age | Feudal Age |
| 9:04 | Build | Stable |
| 9:10 | Research | Double-Bit Axe |
| 9:36 | Build | Farm |
| 9:37 | Build | Farm |
| 9:43 | Create | Villager (Male) |
| 10:04 | Create | Scout Cavalry |
| 10:05 | Create | Scout Cavalry |
| 10:05 | Create | Scout Cavalry |
| 10:05 | Create | Scout Cavalry |
| 10:09 | Build | House |
| 10:11 | Build | House |
| 10:21 | Build | Farm |
| 10:23 | Create | Villager (Male) |
| 10:28 | Build | Farm |
| 10:48 | Build | Farm |
| 10:52 | Create | Villager (Male) |
| 10:52 | Create | Villager (Male) |
| 11:14 | Create | Villager (Male) |
| 11:15 | Create | Villager (Male) |
| 11:17 | Create | Scout Cavalry |
| 11:18 | Create | Scout Cavalry |
| 11:18 | Create | Scout Cavalry |
| 11:22 | Build | House |
| 11:27 | Build | Farm |
| 11:38 | Research | Horse Collar |
| 11:52 | Create | Scout Cavalry |
| 11:52 | Create | Scout Cavalry |
| 12:14 | Create | Villager (Male) |
| 12:21 | Build | Farm |
| 12:23 | Build | Farm |
| 12:26 | Create | Villager (Male) |
| 12:29 | Create | Scout Cavalry |
| 12:45 | Create | Scout Cavalry |
| 12:45 | Create | Scout Cavalry |
| 12:47 | Create | Villager (Male) |
| 12:47 | Create | Villager (Male) |
| 12:51 | Build | Palisade Wall |
| 13:23 | Build | Farm |
| 13:24 | Build | Farm |
| 13:43 | Create | Scout Cavalry |
| 13:44 | Create | Villager (Male) |
| 13:45 | Create | Villager (Male) |
| 13:48 | Build | House |
| 14:10 | Build | House |
| 14:11 | Build | Palisade Wall |
| 14:14 | Build | Palisade Wall |
| 14:26 | Create | Scout Cavalry |
| 14:26 | Create | Scout Cavalry |
| 14:29 | Create | Villager (Male) |
| 14:46 | Research | Bloodlines |
| 14:55 | Create | Villager (Male) |
| 15:01 | Build | Farm |
| 15:27 | Create | Villager (Male) |
| 15:32 | Create | Villager (Male) |
| 15:45 | Create | Scout Cavalry |
| 15:45 | Create | Scout Cavalry |
| 15:46 | Create | Villager (Male) |
| 16:16 | Build | Farm |
| 16:17 | Build | Farm |
| 16:17 | Build | Farm |
| 16:17 | Build | Farm |
| 16:17 | Build | Farm |
| 16:18 | Build | Farm |
| 16:25 | Build | House |
| 16:33 | Create | Scout Cavalry |
| 16:33 | Create | Scout Cavalry |
| 16:50 | Create | Scout Cavalry |
| 16:53 | Create | Villager (Male) |
| 16:53 | Create | Villager (Male) |
| 16:59 | Build | Lumber Camp |
| 17:28 | Create | Villager (Male) |
| 17:35 | Build | Mining Camp |
| 17:40 | Build | Blacksmith |
| 17:54 | Create | Scout Cavalry |
| 17:55 | Create | Villager (Male) |
| 18:31 | Create | Villager (Male) |
| 18:34 | Build | Farm |
| 18:34 | Build | Farm |
| 18:35 | Build | Farm |
| 18:39 | Build | Farm |
| 18:47 | Create | Scout Cavalry |
| 18:51 | Build | Stable |
| 18:57 | Create | Villager (Male) |
| 18:58 | Research | Wheelbarrow |
| 19:15 | Build | Farm |
| 19:19 | Build | Farm |
| 19:20 | Build | Farm |
| 19:33 | Research | Scale Barding Armor |
Match timeline
| 6:36 | 두도스 · first_building Barracks |
| 6:41 | XDavid · wall_segment Palisade Wall x10 |
| 6:52 | XDavid · wall_segment Palisade Wall x17 |
| 7:04 | AiM | Fubuki's Best Friend · first_building Barracks |
| 7:18 | AiM | Agua Cate 98 · first_building Barracks |
| 7:52 | luanb10 · first_building Barracks |
| 7:55 | XDavid · wall_segment Palisade Wall x13 |
| 8:12 | XDavid · wall_segment Palisade Wall x14 |
| 8:17 | AiM | CyclopsTron · first_building Barracks |
| 8:23 | SICKOISM SICKOISM · first_building Barracks |
| 8:32 | AiM | Fubuki's Best Friend · age_up feudal |
| 8:35 | AiM | Fubuki's Best Friend · first_building Stable |
| 8:37 | SICKOISM SICKOISM · age_up feudal |
| 8:39 | XDavid · first_building Barracks |
| 8:45 | AiM | PoRRo · first_building Barracks |
| 8:48 | XDavid · wall_segment Palisade Wall x4 |
| 8:53 | luanb10 · age_up feudal |
| 8:56 | luanb10 · first_building Archery Range |
| 9:00 | AiM | Agua Cate 98 · age_up feudal |
| 9:04 | AiM | Agua Cate 98 · first_building Stable |
| 9:28 | SICKOISM SICKOISM · first_building Archery Range |
| 9:32 | XDavid · age_up feudal |
| 9:37 | AiM | Fubuki's Best Friend · wall_segment Palisade Wall x2 |
| 9:38 | AiM | CyclopsTron · age_up feudal |
| 9:41 | AiM | PoRRo · age_up feudal |
| 9:43 | XDavid · wall_segment Palisade Wall x6 |
| 9:44 | AiM | CyclopsTron · first_building Archery Range |
| 9:52 | AiM | PoRRo · first_building Archery Range |
| 9:55 | luanb10 · wall_segment Palisade Wall x1 |
| 10:10 | AiM | Fubuki's Best Friend · wall_segment Palisade Wall x1 |
| 10:32 | AiM | CyclopsTron · wall_segment Palisade Wall x8 |
| 10:32 | AiM | PoRRo · wall_segment Palisade Wall x2 |
| 10:40 | 두도스 · age_up feudal |
| 10:46 | XDavid · wall_segment Palisade Wall x2 |
| 10:50 | XDavid · wall_segment Palisade Wall x10 |
| 11:14 | luanb10 · wall_segment Palisade Wall x1 |
| 11:15 | luanb10 · wall_segment Palisade Wall x1 |
| 11:16 | 두도스 · wall_segment Palisade Wall x12 |
| 11:31 | AiM | CyclopsTron · wall_segment Palisade Wall x6 |
| 11:33 | SICKOISM SICKOISM · wall_segment Palisade Wall x2 |
| 11:46 | luanb10 · wall_segment Palisade Wall x6 |
| 11:48 | XDavid · first_building Stable |
| 11:51 | AiM | CyclopsTron · wall_segment Palisade Wall x10 |
| 12:08 | SICKOISM SICKOISM · wall_segment Palisade Wall x1 |
| 12:13 | SICKOISM SICKOISM · wall_segment Palisade Wall x6 |
| 12:14 | AiM | CyclopsTron · wall_segment Palisade Wall x7 |
| 12:20 | SICKOISM SICKOISM · wall_segment Palisade Wall x4 |
| 12:22 | SICKOISM SICKOISM · wall_segment Palisade Wall x6 |
| 12:34 | luanb10 · wall_segment Palisade Wall x8 |
| 12:34 | AiM | CyclopsTron · wall_segment Palisade Wall x1 |
| 12:36 | luanb10 · wall_segment Palisade Wall x1 |
| 12:40 | AiM | CyclopsTron · wall_segment Palisade Wall x13 |
| 12:48 | 두도스 · wall_segment Palisade Wall x6 |
| 12:51 | AiM | Agua Cate 98 · wall_segment Palisade Wall x6 |
| 12:54 | 두도스 · wall_segment Palisade Wall x7 |
| 13:14 | luanb10 · wall_segment Palisade Wall x9 |
| 13:48 | luanb10 · wall_segment Palisade Wall x5 |
| 13:51 | SICKOISM SICKOISM · wall_segment Palisade Wall x9 |
| 13:59 | AiM | Fubuki's Best Friend · wall_segment Palisade Wall x5 |
| 14:11 | AiM | Agua Cate 98 · wall_segment Palisade Wall x4 |
| 14:13 | luanb10 · wall_segment Palisade Wall x1 |
| 14:14 | AiM | Agua Cate 98 · wall_segment Palisade Wall x8 |
| 15:25 | AiM | Fubuki's Best Friend · wall_segment Palisade Wall x7 |
| 16:02 | 두도스 · resign |
| 16:31 | XDavid · wall_segment Palisade Wall x1 |
| 17:27 | AiM | Fubuki's Best Friend · wall_segment Palisade Wall x2 |
| 18:06 | SICKOISM SICKOISM · wall_segment Palisade Wall x8 |
| 19:28 | AiM | CyclopsTron · first_market_buy 100 food |
| 19:40 | AiM | PoRRo · wall_segment Palisade Wall x5 |
[ AI ANALYSIS · 1 CREDIT ]
What really happened in this match?
Wolo.gg analyzes every decision: build order, eco, micro, common mistakes by bracket. Personalized analysis on WhatsApp or Discord in 30 seconds.
Civ guide
Persians
Perfil
Jugador #1830062